 Dungeon Crawl Stone Soup version 0.21.0 (webtiles) character file.

25 mopl the Slasher (level 3, 0/21 HPs)
             Began as a Tengu Skald on Jan 7, 2018.
             Slain by an adder (1 damage)
             ... on level 2 of the Dungeon.
             The game lasted 00:01:12 (644 turns).

mopl the Slasher (Tengu Skald)                       Turns: 644, Time: 00:01:13

Health: 0/21       AC:  3    Str: 11    XL:     3   Next: 6%
Magic:  0/7        EV: 12    Int: 13    God:
Gold:   35         SH:  0    Dex: 14    Spells: 1/6 levels left

rFire    . . .     SeeInvis .   g - -3 short sword (curse)
rCold    . . .     Gourm    .   (no shield)
rNeg     . . .     Faith    .   b - +0 leather armour
rPois    .         Spirit   .   (helmet restricted)
rElec    .         Reflect  .   (no cloak)
rCorr    .         Harm     .   (no gloves)
MR       .....                  (boots unavailable)
Stlth    +.........             (no amulet)
HPRegen  0.07/turn              (no ring)
MPRegen  0.10/turn              (no ring)

@: lethally poisoned (0 -> -7), infused, singing
A: beak, talons 3
a: no special abilities


You were on level 2 of the Dungeon.
You were not hungry.

You visited 1 branch of the dungeon, and saw 2 of its levels.

You collected 35 gold pieces.

Inventory:

Hand Weapons
 a - a +0 falchion
 g - a cursed -3 short sword (weapon)
Armour
 b - a +0 leather armour (worn)
Potions
 e - a potion of might {unknown}
Books
 c - a book of Battle

   Spells                             Type                      Level
   a - Infusion                       Charms                       1
   b - Shroud of Golubria             Charms/Translocation         2
   c - Song of Slaying                Charms                       2
   d - Spectral Weapon                Hexes/Charms                 3
   e - Regeneration                   Charms/Necromancy            3
Comestibles
 d - 2 rations
 f - 4 chunks of flesh


   Skills:
 - Level 2.0 Fighting
 * Level 3.8 Long Blades
 - Level 1.1 Armour
 - Level 2.1 Dodging
 - Level 2.0 Spellcasting
 - Level 2.4 Charms


You had one spell level left.
You knew the following spells:

 Your Spells              Type           Power        Failure   Level  Hunger
a - Infusion              Chrm           #...         12%         1    ##.....
b - Song of Slaying       Chrm           #.......     19%         2    ###....
f - Shroud of Golubria    Chrm/Tloc      #.........   30%         2    ###....


Dungeon Overview and Level Annotations

Branches:
Dungeon (2/15)

Altars:


Innate Abilities, Weirdness & Mutations

You have a beak for a mouth.
You have claws for feet.


Message History

You hit the adder.
The adder is lightly wounded.
The adder bites you. x2
You are lethally poisoned!
The adder poisons you!
You are too injured to fight recklessly!
You are too injured to fight recklessly!
You are too injured to fight recklessly!
You hit the adder.
The adder is moderately wounded.
You feel sick. The adder bites you.
* * * LOW HITPOINT WARNING * * *
You hit the adder but do no damage.
The adder is moderately wounded.
* * * LOW HITPOINT WARNING * * *
You feel sick. The adder barely misses you.
You closely miss the adder.
The adder is moderately wounded.
The adder closely misses you. The adder bites you.
You die...

..... .. #....# ....
..# ....# #..##
...##.$.. ##...######
#.....w. ...........#
.......# #..........#
#.wg######...........
##..wSS@..#...........
#...l####.....##......
#....# ###...#.......
#..#### #......#....
#.. #.#......... #.
########...###..#.. ..
#........#.###..... .#
#....###.#.#....#.. .#
####.###.#.....#


You could see 2 adders, 2 dart slugs, a hobgoblin and a frilled lizard.

Vanquished Creatures
  A worm (D:2)
  7 bats
  A giant cockroach (D:2)
  3 goblins (D:1)
  A hobgoblin (D:1)
  2 frilled lizards
  5 kobolds
  4 rats (D:1)
24 creatures vanquished.

Notes
Turn   | Place    | Note
-------+----------+-------------------------------------------
     0 | D:1      | mopl the Tengu Skald began the quest for the Orb.
     0 | D:1      | Reached XP level 1. HP: 12/12 MP: 4/4
   201 | D:1      | Reached XP level 2. HP: 15/17 MP: 6/6
   275 | D:1      | Reached skill level 3 in Long Blades
   418 | D:1      | Learned a level 2 spell: Song of Slaying
   421 | D:1      | Learned a level 2 spell: Shroud of Golubria
   611 | D:2      | Reached XP level 3. HP: 15/21 MP: 4/7
   643 | D:2      | HP: 1/21 [poisoned by an adder]
   644 | D:2      | Slain by an adder

Skill      XL: |  1  2 |
---------------+-------+-----
Long Blades    | 3 |  3.8
Fighting       | |  2.0
Armour         | |  1.1
Dodging        | |  2.1
Spellcasting   | |  2.0
Charms         | |  2.4

Action                   || total
-------------------------++-------
Melee: Falchion          ||    20
       Kick              ||     9
       Peck              ||     6
       Short sword       ||    33
 Cast: Infusion          ||    12
       Song of Slaying   ||     1
Armor: Leather armour    ||    18
Dodge: Dodged            ||    39
       Rpst.: Falchion   ||     1
